 Dungeon Crawl Stone Soup version 0.19.1 (console) character file.

17507 Kloppie the Fencer (level 12, 0/108 HPs)
             Began as a White Draconian Berserker on Dec 19, 2016.
             Was a High Priest of Trog.
             Slain by a red ugly thing (23 damage)
             ... on level 11 of the Dungeon on Dec 20, 2016.
             The game lasted 00:22:49 (12337 turns).

Kloppie the Fencer (White Draconian Berserker)     Turns: 12337, Time: 00:22:50

Health: 0/108      AC: 22    Str: 21    XL:     12   Next: 19%
Magic:  0/4        EV: 19    Int:  7    God:    Trog [*****.]
Gold:   397        SH:  0    Dex: 19    Spells: 0 memorised, 11 levels left

rFire  . . .     SeeInvis +     a - +3 demon blade (antimagic)
rCold  + . .     Gourm    .     (armour unavailable)
rNeg   . . .     Faith    .     (no shield)
rPois  +         Spirit   +     I - +2 hat {SInv}
rElec  .         Reflect  .     J - +2 cloak
rCorr  .         Harm     .     u - +2 pair of gloves
MR     ++...                    t - +2 pair of boots
Stlth  ++........               q - amulet of guardian spirit
                                D - +3 ring of protection
                                H - ring of Qinu {rPois Dex+4}

@: regenerating
A: breathe frost, unfitting armour, cold resistance 1, cold-blooded, AC +8
a: Breathe Frost, Berserk, Trog's Hand, Brothers in Arms, Burn Spellbooks,
Renounce Religion


You were on level 11 of the Dungeon.
You worshipped Trog.
Trog was extremely pleased with you.
You were hungry.

You visited 1 branch of the dungeon, and saw 11 of its levels.

You collected 754 gold pieces.
You spent 357 gold pieces at shops.

Inventory:

Hand Weapons
 a - a +3 antimagic demon blade (weapon)
 b - a +0 scimitar of flaming
 l - a +0 great sword of flaming
 p - a +0 great sword
Armour
 t - a +2 pair of boots (worn)
 u - a +2 pair of gloves (worn)
 I - a +2 hat of see invisible (worn)
 J - a +2 cloak (worn)
Jewellery
 h - an uncursed ring of fire
 o - an uncursed ring of protection from magic
 q - an amulet of guardian spirit (around neck)
 z - an uncursed amulet of regeneration
 D - a +3 ring of protection (right hand)
 E - a +3 ring of evasion
 F - a +5 amulet of reflection
 H - the ring of Qinu (left hand) {rPois Dex+4}
   (You found it on level 9 of the Dungeon)

   [ring of poison resistance]

   It affects your dexterity (+4).
   It protects you from poison.
Wands
 c - a wand of lightning (7/15)
 e - a wand of slowing (18/48)
 m - a wand of acid (5/15)
 r - a wand of lightning (2/15)
 s - a wand of disintegration (4/24)
 x - a wand of paralysis (12/24)
 A - a wand of iceblast (8/15)
 C - a wand of teleportation (1/9)
 N - a wand of flame (39/48)
 O - a wand of lightning (10/15)
 Q - a wand of teleportation (4/9)
Scrolls
 d - 12 scrolls of remove curse
 f - 3 scrolls of magic mapping
 i - 5 scrolls of fog
 n - a scroll of fear
 y - a scroll of summoning
 G - 3 scrolls of teleportation
Potions
 g - 3 potions of haste
 w - a potion of brilliance
 P - a potion of might
Comestibles
 j - 3 meat rations
 k - 2 slices of pizza
 v - 3 beef jerkies
 B - 5 fruits
 K - a royal jelly
 L - 19 chunks of flesh
 M - 10 bread rations


   Skills:
 + Level 10.8 Fighting
 * Level 15.3 Long Blades
 - Level 8.1 Dodging


You had 11 spell levels left.
You didn't know any spells.

Dungeon Overview and Level Annotations

Branches:
Dungeon (11/15)            Temple (0/1) D:5             Orc (0/2) D:9
   Lair: D:8-11

Altars:
Ashenzari
Cheibriados
Dithmenos
Elyvilon
Fedhas
Makhleb
Nemelex Xobeh
Okawaru
Qazlal
Ru
Trog
Vehumet
Yredelemnul
Zin

Shops:
D:7 =   D:9 %   D:11 }**

Portals:
Trove: D:11 (give +4 ice dragon scales)


Innate Abilities, Weirdness & Mutations

You can breathe waves of freezing cold.
You can buffet flying creatures when you breathe cold.
Your icy white scales are hard. (AC +8)
You cannot fit into any form of body armour.
Your flesh is cold resistant. (rC+)
You are cold-blooded and may be slowed by cold attacks.


Message History

The red ugly thing is heavily wounded.
The bullfrog closely misses you.
You hit the red ugly thing.
Your tail-slap misses the red ugly thing.
The red ugly thing is heavily wounded.
The red ugly thing tentacle-slaps you.
* * * LOW HITPOINT WARNING * * *
You are engulfed in flames!!
* * * LOW HITPOINT WARNING * * *
The shadow barely misses you. The crimson imp completely misses you.
The bullfrog hits you.
* * * LOW HITPOINT WARNING * * *
You are too injured to fight recklessly!
Your skin crawls.
You feel resistant to hostile enchantments.
You are feeling hungry.
The red ugly thing tentacle-slaps you.
* * * LOW HITPOINT WARNING * * *
You are engulfed in flames!!
You die...

#.?...#### P.
#####.. #.. .
.. #.# ...
######.######
..
.#...........#
.............#
#........(..#
#....uFW....#
#.....@5....#
#.............
#...........##
#############


You could see a red ugly thing, a shadow (invisible), a bullfrog and a crimson
imp.

Vanquished Creatures
  Gastronok (D:9)
  Erica (D:9)
  A hill giant (D:10)
  6 orc knights (D:7)
  An ugly thing (D:11)
  The ghost of loom the Destroyer, a novice DECj of Vehumet (D:5)
  A centaur skeleton (D:10)
  2 gargoyles
  A troll (D:9)
  2 two-headed ogres
  Sigmund (D:4)
  A wraith (D:11)
  A wyvern (D:8)
  A spriggan (D:7)
  9 yaks
  A hungry ghost (D:9)
  Menkaure (D:7)
  18 wargs
  An ice beast (D:6)
  2 sky beasts
  7 orc warriors
  A black bear (D:9)
  8 ogres
  5 centaurs
  A crocodile (D:11)
  4 bullfrogs
  3 big kobolds
  7 scorpions
  21 killer bees
  8 wights (D:10)
  4 howler monkeys
  7 crimson imps
  4 jellies
  A quasit (D:10)
  6 hounds
  6 orc priests
  7 orc wizards
  3 bullfrog skeletons
  3 iguanas
  Ijyb (D:2)
  4 worker ants
  A hound zombie (D:11)
  Robin (D:2)
  A howler monkey skeleton (D:4)
  14 adders
  A river rat (D:11)
  2 shadow imps
  An adder zombie (D:7)
  An ooze (D:3)
  2 adder skeletons
  2 worms
  4 dart slugs
  5 leopard geckos
  50 orcs
  5 giant cockroaches
  8 goblins
  14 hobgoblins
  8 jackals
  4 quokkas
  4 ball pythons
  10 bats
  2 frilled lizards (D:2)
  3 giant cockroach zombies (D:5)
  A jackal zombie (D:8)
  23 kobolds
  A quokka zombie (D:5)
  8 rats
340 creatures vanquished.

Vanquished Creatures (others)
  An adder (D:3)
  2 plants
3 creatures vanquished.

Grand Total: 343 creatures vanquished

Notes
Turn   | Place    | Note
-------+----------+-------------------------------------------
     0 | D:1      | Kloppie the Draconian Berserker began the quest for the Orb.
     0 | D:1      | Reached XP level 1. HP: 19/19 MP: 1/1
   211 | D:1      | Reached XP level 2. HP: 18/26 MP: 2/2
   646 | D:2      | Reached XP level 3. HP: 25/31 MP: 3/3
   696 | D:2      | Reached ** piety under Trog
   733 | D:2      | Noticed Ijyb
  1184 | D:2      | Reached XP level 4. HP: 35/40 MP: 4/4
  1252 | D:2      | Noticed Robin
  1259 | D:2      | Killed Robin
  1259 | D:2      | Reached skill level 4 in Long Blades
  1336 | D:2      | Found a shadowy altar of Dithmenos.
  1345 | D:2      | Killed Ijyb
  1360 | D:2      | Reached XP level 5. HP: 24/46 MP: 5/5
  1569 | D:2      | Found a radiant altar of Vehumet.
  1570 | D:2      | Found a glowing silver altar of Zin.
  1571 | D:2      | Found an iron altar of Okawaru.
  1572 | D:2      | Found a basalt altar of Yredelemnul.
  1830 | D:3      | Found a stormy altar of Qazlal.
  1914 | D:3      | Found a white marble altar of Elyvilon.
  2226 | D:3      | Found a sacrificial altar of Ru.
  2287 | D:3      | Found a shattered altar of Ashenzari.
  2573 | D:3      | Found a burning altar of Makhleb.
  2822 | D:4      | Noticed an ogre
  2834 | D:4      | Killed an ogre
  2834 | D:4      | Reached skill level 5 in Long Blades
  2835 | D:4      | Reached XP level 6. HP: 29/53 MP: 6/6
  3059 | D:4      | Noticed Sigmund
  3105 | D:4      | Killed Sigmund
  3105 | D:4      | Reached skill level 5 in Fighting
  3422 | D:4      | Gained mutation: You are frail. (-10% HP) [potion of mutation]
  3422 | D:4      | Gained mutation: You are weak. (Str -2) [potion of mutation]
  3426 | D:4      | Lost mutation: You are weak. (Str -2) [potion of cure mutation]
  3426 | D:4      | Lost mutation: You are frail. (-10% HP) [potion of cure mutation]
  3462 | D:4      | Reached skill level 6 in Long Blades
  3462 | D:4      | Your scales start taking on an icy white colour.
  3462 | D:4      | Reached XP level 7. HP: 61/61 MP: 7/7
  3462 | D:4      | Gained mutation: Your flesh is cold resistant. (rC+) [White Draconian growth]
  3921 | D:5      | Entered Level 5 of the Dungeon
  3963 | D:4      | Reached skill level 5 in Dodging
  4004 | D:5      | Found a staircase to the Ecumenical Temple.
  4018 | D:5      | Reached skill level 7 in Long Blades
  4018 | D:5      | Reached XP level 8. HP: 70/70 MP: 4/8
  4049 | D:5      | Noticed a two-headed ogre
  4059 | D:5      | Killed a two-headed ogre
  4230 | D:5      | Noticed loom's ghost (novice DECj)
  4245 | D:5      | Killed loom's ghost
  4245 | D:5      | Reached skill level 8 in Long Blades
  4582 | D:5      | Found a radiant altar of Vehumet.
  4643 | D:5      | Reached *** piety under Trog
  5235 | D:6      | Reached skill level 9 in Long Blades
  5235 | D:6      | Reached XP level 9. HP: 79/79 MP: 7/9
  5268 | D:6      | Found a sparkling altar of Nemelex Xobeh.
  5637 | D:6      | Found a snail-covered altar of Cheibriados.
  6239 | D:7      | Noticed Menkaure
  6270 | D:7      | Killed Menkaure
  6270 | D:7      | Reached skill level 10 in Long Blades
  6709 | D:7      | Reached skill level 11 in Long Blades
  6803 | D:7      | Noticed an orc knight
  7202 | D:7      | Reached XP level 10. HP: 65/91 MP: 7/10
  7216 | D:7      | Found Gipuadd's Jewellery Shoppe.
  7224 | D:7      | Bought a cursed ring of loudness for 67 gold pieces
  7275 | D:7      | Killed an orc knight
  7405 | D:7      | Found a blossoming altar of Fedhas.
  7484 | D:7      | Noticed an orc knight
  7518 | D:7      | Killed an orc knight
  7637 | D:7      | Noticed an orc knight
  7670 | D:7      | Killed an orc knight
  7670 | D:7      | Reached skill level 12 in Long Blades
  8036 | D:7      | Reached **** piety under Trog
  8280 | D:7      | Noticed an orc knight
  8296 | D:7      | Killed an orc knight
  8444 | D:7      | Noticed an orc knight
  8448 | D:7      | Noticed an orc knight
  8943 | D:7      | Killed an orc knight
  9041 | D:7      | Killed an orc knight
  9041 | D:7      | Reached skill level 13 in Long Blades
  9358 | D:7      | Reached XP level 11. HP: 94/97 MP: 11/11
 10235 | D:8      | Reached ***** piety under Trog
 10610 | D:9      | Found Xaompuur's Food Shoppe.
 10761 | D:9      | Found a bloodstained altar of Trog.
 10894 | D:9      | Got a heavily runed silver ring
 10895 | D:9      | Identified the ring of Qinu {rPois Dex+4} (You found it on level 9 of the Dungeon)
 10914 | D:9      | Noticed Gastronok
 10930 | D:9      | Killed Gastronok
 10930 | D:9      | Reached skill level 14 in Long Blades
 11294 | D:9      | Found a staircase to the Orcish Mines.
 11371 | D:9      | Noticed Erica
 11379 | D:9      | Killed Erica
 11455 | D:9      | Received a gift from Trog
 11609 | D:10     | Entered Level 10 of the Dungeon
 11612 | D:10     | Reached skill level 10 in Fighting
 11907 | D:10     | Noticed a hill giant
 11916 | D:10     | Killed a hill giant
 11916 | D:10     | Reached skill level 15 in Long Blades
 11916 | D:10     | Reached XP level 12. HP: 88/107 MP: 2/12
 12137 | D:11     | Found Bechuuh's General Store.
 12140 | D:11     | Bought a scroll of identify for 26 gold pieces
 12176 | D:11     | Received a gift from Trog
 12243 | D:11     | Found a portal to a secret trove of treasure.
 12289 | D:11     | Found Sarch's Gadget Shop.
 12298 | D:11     | Found Ysihut's Assorted Antiques.
 12303 | D:11     | Bought a wand of teleportation for 264 gold pieces
 12337 | D:11     | Slain by a red ugly thing

Skill      XL: |  1  2  3  4  5  6  7  8  9 10 11 |
---------------+----------------------------------+-----
Dodging        | 3 4 5 7 8 |  8.1
Fighting       | 4 5 6 7 9 10 | 10.8
Long Blades    | 4 5 6 7 9 11 13 15 | 15.3

Action                   |  1- 3 |  4- 6 |  7- 9 | 10-12 || total
-------------------------+-------+-------+-------+-------++-------
Melee: Falchion          |    78 |   155 |   326 |   626 ||  1185
       Tailslap          |    12 |    18 |    58 |   194 ||   282
       Demon blade       |       |       |       |   204 ||   204
       Scimitar          |       |       |       |    17 ||    17
Invok: Berserk           |     1 |     5 |     6 |    10 ||    22
       Trog's Hand       |       |     3 |     2 |     4 ||     9
 Abil: Breathe Frost     |       |       |     3 |     1 ||     4
  Use: Potion            |       |     8 |     5 |     2 ||    15
       Scroll            |       |       |    15 |     9 ||    24
 Stab: Distracted        |       |       |       |     2 ||     2
       Sleeping          |       |       |       |     3 ||     3
  Eat: Chunk             |     2 |     7 |    14 |    29 ||    52
       Meat ration       |       |     1 |     1 |       ||     2
       Beef jerky        |       |       |     1 |       ||     1
Armor: Skin              |    24 |    60 |    86 |   141 ||   311
Dodge: Dodged            |    72 |   109 |   291 |   466 ||   938
       Rpst.: Falchion   |    34 |    29 |    83 |   112 ||   258
       Demon blade       |       |       |       |    41 ||    41
       Scimitar          |       |       |       |     2 ||     2
